 Dungeon Crawl Stone Soup version 0.32-a0-599-gba8f9cf90e (webtiles) character file.

Game seed: 4949400590515794494

242 gimp the Chopper (level 6, 0/49 HPs)
             Began as a Vine Stalker Berserker on Mar 3, 2024.
             Was a Believer of Trog.
             Slain by a gnoll
             ... wielding a +0 spear
             ... led by a gnoll bouda
              (7 damage)
             ... on level 5 of the Dungeon.
             The game lasted 00:04:07 (701 turns).

gimp the Chopper (Vine Stalker Berserker)            Turns: 701, Time: 00:04:07

Health: 0/49       AC:  2    Str: 21    XL:     6   Next: 9%
Magic:  0/7        EV: 12    Int:  7    God:    Trog [**....]
Gold:   52         SH:  0    Dex: 14    Spells: 5/5 levels left

rFire   . . .        a - +0 hand axe
rCold   . . .        (no shield)
rNeg    . . .        b - +0 animal skin
rPois   .            (no helmet)
rElec   .            (no cloak)
rCorr   .            (no gloves)
SInv    .            (no boots)
Will    ++...        i - amulet of faith Stlth
                     (no ring)
HPRegen 2.08/turn    (no ring)
MPRegen 0.10/turn

%: guardian spirit, faith
@: berserking, strong-willed, regenerating, very quick
A: fangs 2, regeneration 1, magic shield, antimagic bite, no potion heal 2
a: Renounce Religion, Berserk, Trog's Hand


You were on level 5 of the Dungeon.
You worshipped Trog.
Trog was pleased with you.
You visited 1 branch of the dungeon, and saw 5 of its levels.

You collected 52 gold pieces.

Inventory:

Hand Weapons
 a - a +0 hand axe (weapon)
Armour
 b - a +0 animal skin (worn)
 k - a +0 helmet
Jewellery
 i - an amulet of faith (around neck)
Scrolls
 e - a scroll of noise {unknown}
 f - a scroll of blinking {unknown}
 h - 2 scrolls of identify {unknown}
 j - a scroll of poison {unknown}
 m - a scroll of brand weapon {unknown}
Potions
 c - a potion of curing {unknown}
 d - a potion of berserk rage {unknown}
 g - a potion of heal wounds {unknown}
 l - a potion of attraction {unknown}


   Skills:
 + Level 4.1 Fighting
 * Level 5.1 Axes
 - Level 1.5 Armour
 - Level 1.5 Dodging


You had 5 spell levels left.
You didn't know any spells.
Your spell library was empty.

Dungeon Overview and Level Annotations

Branches:
Dungeon (5/15)             Temple (0/1) D:4

Altars:
Ru


Innate Abilities, Weirdness & Mutations

You have extremely sharp teeth.
Your natural rate of healing is unusually fast.
When hurt, damage is shared between your health and your magic reserves.
Your bite disrupts and absorbs the magic of your enemies.
Potions cannot restore your health.


Message History

Found a stone staircase leading up.
There is a staircase to the Ecumenical Temple here.
Unknown command.
Things that are here:
a +0 dagger; 4 poisoned darts; a kobold corpse
There is a stone staircase leading down here.
You climb downwards.
Found a short jewelled staff.
There is a stone staircase leading up here.
You see here a staff of death.
An ogre comes into view. It is wielding a +0 giant spiked club.
Found a stone staircase leading down.
The ogre shouts!
A red film seems to cover your vision as you go berserk!
You feel yourself moving faster!
You feel mighty!
You now have 43/43 hp.
You slash the ogre! You bite the ogre! You drain its power.
The ogre is heavily wounded.
The ogre hits you with a +0 giant spiked club!!
Ouch! That really hurt!
You take 26 damage, and have 17/43 hp.
MASSIVE DAMAGE!!
You now have 3/6 mp.
You are too injured to fight recklessly!
You are too injured to fight recklessly!
You are too injured to fight recklessly!
You slash the ogre!
You kill the ogre!
Trog accepts your kill.
Your Fighting skill increases to level 4!
Your Axes skill increases to level 5!
You have reached level 6!
You regained 3 hp, and now have 20/49 hp.
Things that are here:
a +0 giant spiked club; an ogre corpse You feel a strong urge to attack something.
You are no longer berserk.
You are exhausted.
You feel yourself slow down.
There is a stone staircase leading down here.
You now have 15/33 hp.
You start resting.
HP restored.
Health restored: 33 You regained 2 mp, and now have 5/7 mp.
Unknown command.
Unknown command.
You feel yourself speed up.
MP restored: 7 You recover from your berserk rage.
A gnoll comes into view. It is wielding a +0 spear.
The gnoll shouts!
An ogre and a gnoll come into view.
The gnoll shouts!
A gnoll comes into view. It is wielding a +3 halberd.
A gnoll bouda comes into view. It is wielding a +0 whip.
The gnoll bouda shouts!
The gnoll shouts!
The gnoll throws a throwing net.
The throwing net closely misses you.
The gnoll bouda barks out a call to the hunt!
The gnolls pick up the pace!
The gnoll attacks as it pursues you!
The gnoll hits you from afar with a +0 spear!
You take 8 damage, and have 25/33 hp.
MASSIVE DAMAGE!!
You now have 5/7 mp.
The gnoll hits you from afar with a +0 spear.
You take 4 damage, and have 21/33 hp.
You now have 4/7 mp.
The gnoll barely misses you. The gnoll hits you with a +0 spear!
You take 8 damage, and have 13/33 hp.
MASSIVE DAMAGE!!
You now have 3/7 mp.
You are too injured to fight recklessly!
You are too injured to fight recklessly!
You closely miss the gnoll. You bite the gnoll, but do no damage.
The gnoll barely misses you. The gnoll hits you with a +0 spear.
* * * LOW HITPOINT WARNING * * *
You take 4 damage, and have 9/33 hp.
You now have 2/7 mp.
You slash the gnoll! You bite the gnoll, but do no damage.
The gnoll is heavily wounded.
The gnoll hits you from afar with a +0 spear.
* * * LOW HITPOINT WARNING * * *
The gnoll barely misses you.
You take 1 damage, and have 8/33 hp.
Your skin crawls.
You feel strong-willed. The gnoll barely misses you.
The gnoll hits you with a +0 spear.
* * * LOW HITPOINT WARNING * * *
You take 1 damage, and have 7/33 hp.
The gnoll is no longer moving quickly.
The gnoll hits you from afar with a +0 spear.
* * * LOW HITPOINT WARNING * * *
You take 1 damage, and have 6/33 hp.
You now have 1/7 mp.
You aren't carrying any items that you can evoke.
Unknown command.
Okay, then.
The gnoll is no longer moving quickly.
The gnoll attacks as it pursues you! The gnoll barely misses you.
You regained 2 hp, and now have 8/33 hp.
The gnoll attacks as it pursues you!
The gnoll hits you from afar with a +0 spear!
* * * LOW HITPOINT WARNING * * *
You take 5 damage, and have 3/33 hp.
A red film seems to cover your vision as you go berserk!
You feel yourself moving faster!
You feel mighty!
The gnoll hits you from afar with a +0 spear!
You die...

#.. ♣.♣...#.###
#..♣♣.♣♣......#
#........<..#
#..........##
#............#
....####...#..#
... ##.###..#
.. #.# ##.#
...g #@# #.#
...g. #.# ..
...g. #g#
.....# #g#
...... #g#
....g.# ###g#
.......###..##
#.g.g.## #.
##..(## #..


You could see a gnoll bouda and 3 gnolls.

Vanquished Creatures
  2 ogres
  Robin (D:4)
  2 adders
  A dart slug (D:2)
  2 bats
  3 endoplasms
  A giant cockroach (D:3)
  9 goblins (D:4)
  4 hobgoblins
  7 jackals
  3 kobolds
  A quokka (D:4)
  A ball python (D:4)
  A frilled lizard (D:2)
  A rat (D:1)
39 creatures vanquished.

Notes
Turn   | Place    | Note
-------+----------+-------------------------------------------
     0 | D:1      | gimp the Vine Stalker Berserker began the quest for the
                  | Orb.
     0 | D:1      | Reached XP level 1. HP: 11/11 MP: 2/2
    18 | D:1      | Reached skill level 3 in Axes
    26 | D:1      | Reached XP level 2. HP: 16/16 MP: 3/3
   220 | D:3      | Reached XP level 3. HP: 17/20 MP: 2/4
   342 | D:4      | You fall into a shaft and drop 1 floor!
   342 | D:5      | Entered Level 5 of the Dungeon
   342 | D:5      | Found a sacrificial altar of Ru.
   405 | D:4      | Noticed Robin
   483 | D:4      | Found a staircase to the Ecumenical Temple.
   485 | D:4      | Noticed an ogre
   503 | D:4      | Killed Robin
   503 | D:4      | Reached ** piety under Trog
   504 | D:4      | Reached XP level 4. HP: 24/24 MP: 3/5
   509 | D:4      | Killed an ogre
   510 | D:4      | Reached skill level 4 in Axes
   510 | D:4      | Reached XP level 5. HP: 16/29 MP: 6/6
   632 | D:5      | Noticed an ogre
   637 | D:5      | Killed an ogre
   638 | D:5      | Reached skill level 5 in Axes
   638 | D:5      | Reached XP level 6. HP: 20/33 MP: 3/7
   701 | D:5      | Slain by a gnoll

Illustrated notes

Levels and vault maps discovered:
D:1:      dpeg_arrival_tiny_c, layout_rooms, minmay_misc_feat_pillars
D:2:      minmay_general_purpose_star, layout_basic
D:3:      layout_loops_corners, lemuel_crystal_altar,
          lemuel_zombie_altar_kikubaaqudgha, chequers_decorated_corner,
          uniq_terence
D:4:      layout_basic, minmay_temple_entry_mini_moons, uniq_robin
D:5:      layout_layer_cave, marbit_many_paths, evilmike_ruin_ashenzari,
          mainiacjoe_overflow_small_starburst

Skill      XL: |  1  2  3  4  5 |
---------------+----------------+-----
Axes           | 3 4 5 |  5.1
Fighting       | 3 4 |  4.1
Armour         | |  1.5
Dodging        | |  1.5

Action                     |  1- 3 |  4- 6 || total
---------------------------+-------+-------++-------
  Melee: Hand axe          |    52 |    20 ||    72
         Bite              |    16 |     5 ||    21
 Invoke: Berserk           |     5 |     2 ||     7
         Trog's Hand       |       |     1 ||     1
 Armour: Animal skin       |    50 |    17 ||    67
  Dodge: Dodged            |    48 |    11 ||    59

Table legend: (Time is in decaauts)
 A = Elapsed time spent in this place.
 B = Non-inter-level travel time spent in this place.
 C = Inter-level travel time spent in this place.
 D = Time resting spent in this place.
 E = Time spent auto-exploring this place.
 F = Levels seen in this place.
 G = Mean time per level.
                   A        B        C        D        E       F      G
               +--------+--------+--------+--------+--------+-----+--------+
         Total |    757 |    742 |     15 |     90 |     42 |   5 |  151.4 |
       Dungeon |    757 |    742 |     15 |     90 |     42 |   5 |  151.4 |
               +--------+--------+--------+--------+--------+-----+--------+

Top non-repeatable levels by time:
     D:4: 298 daAuts
     D:3: 172 daAuts
     D:2: 111 daAuts
     D:5: 103 daAuts
     D:1: 70 daAuts
